TOP OF THE 1ST |
Boston (APP) Red Sox batting - Pitching for Cleveland (APP) Indians : LHP David Ayala
|
Pitching: LHP David Ayala
|
|
Batting: RHB Kirk Cully
|
0-0: DOUBLE (Line Drive, 7LM, EV 110.0 MPH)
|
Batting: LHB Kien-lung Zou
|
0-0: Ball 1-0: Called Strike 1-1: SINGLE (Line Drive, 9S, EV 95.0 MPH) Kirk Cully to third
|
Batting: RHB Josh Smith
|
0-0: Ball 1-0: Grounds into double play, 6-4-3 (Groundball, 6, EV 106.2 MPH) Kirk Cully scores
|
Batting: RHB Joe Booth
|
0-0: Ball 1-0: Ball 2-0: SOLO HOME RUN (Flyball, 78XD, EV 102.5 MPH), Distance : 403 ft
|
Batting: RHB Bakhtiar Asadov
|
0-0: Ball 1-0: Ball 2-0: Called Strike 2-1: Foul Ball, location: 2F 2-2: Strikes out swinging
|
Top of the 1st over - 2 runs, 3 hits, 0 errors, 0 left on base; Boston (APP) 2 - Cleveland (APP) 0 |
BOTTOM OF THE 1ST |
Cleveland (APP) Indians batting - Pitching for Boston (APP) Red Sox : RHP Johnny Lucero
|
Pitching: RHP Johnny Lucero
|
|
Batting: RHB Andy Lewis
|
0-0: DOUBLE (Groundball, 5L, EV 96.9 MPH)
|
Batting: LHB Mesfin Azagba
|
0-0: Called Strike 0-1: Ball 1-1: Ball 2-1: Ball 3-1: Foul Ball, location: 2F 3-2: Base on Balls
|
Batting: LHB Shane Montalvo
|
0-0: Ball 1-0: Ball 2-0: Grounds into double play, 6-4-3 (Groundball, 6MS, EV 84.4 MPH) Andy Lewis to third
|
Batting: LHB Justin Rankin
|
0-0: Ball Wild Pitch! Andy Lewis scores 1-0: Ball 2-0: Ball 3-0: Called Strike 3-1: Foul Ball, location: 2F 3-2: Foul Ball, location: 2F 3-2: Foul Ball, location: 2F 3-2: Base on Balls
|
Batting: SHB Jay Rook
|
0-0: Ball 1-0: Foul Ball, location: 2F 1-1: Ball 2-1: 2-RUN HOME RUN (Flyball, 9LD, EV 98.8 MPH), Distance : 359 ft
|
Batting: LHB Sergei Stefanov
|
0-0: Ball 1-0: Ball 2-0: Called Strike 2-1: Foul Ball, location: 2F 2-2: Foul Ball, location: 2F 2-2: Foul Ball, location: 2F 2-2: Foul Ball, location: 2F 2-2: Ball 3-2: Base on Balls
|
Batting: RHB Makoto Narita
|
0-0: Called Strike 0-1: Fielders Choice at 2nd, 6-4 (Groundball, 6, EV 83.1 MPH)
|
Bottom of the 1st over - 3 runs, 2 hits, 0 errors, 1 left on base; Boston (APP) 2 - Cleveland (APP) 3 |
TOP OF THE 2ND |
Boston (APP) Red Sox batting - Pitching for Cleveland (APP) Indians : LHP David Ayala
|
Batting: RHB Felix Rangel
|
0-0: Called Strike 0-1: Foul Ball, location: 2F 0-2: Foul Ball, location: 2F 0-2: Ball 1-2: Strikes out swinging
|
Batting: RHB Eric Kent
|
0-0: Called Strike 0-1: Ground out 4-3 (Groundball, 4, EV 90.0 MPH)
|
Batting: RHB Estevan Carrillo
|
0-0: Ball 1-0: Called Strike 1-1: Ball 2-1: Ball 3-1: Foul Ball, location: 2F 3-2: Base on Balls
|
Batting: LHB Kenny Jackson
|
0-0: Foul Ball, location: 2F 0-1: Called Strike 0-2: Ball 1-2: Ball 2-2: SINGLE (Line Drive, 78M, EV 100.6 MPH) Estevan Carrillo to second
|
Batting: RHB Kirk Cully
|
0-0: Foul Ball, location: 2F 0-1: Ball 1-1: Ball 2-1: Foul Ball, location: 2F 2-2: Strikes out swinging
|
Top of the 2nd over - 0 runs, 1 hit, 0 errors, 2 left on base; Boston (APP) 2 - Cleveland (APP) 3 |
BOTTOM OF THE 2ND |
Cleveland (APP) Indians batting - Pitching for Boston (APP) Red Sox : RHP Johnny Lucero
|
Batting: RHB Patrick Pinault
|
0-0: Called Strike 0-1: Ball 1-1: Ball 2-1: Ground out 6-3 (Groundball, 6, EV 85.0 MPH)
|
Batting: RHB Justin Teague
|
0-0: Called Strike 0-1: Ground out 5-3 (Groundball, 56, EV 83.8 MPH)
|
Batting: RHB Andy Lewis
|
0-0: Called Strike 0-1: Ball 1-1: Ball 2-1: Ball 3-1: Foul Ball, location: 2F 3-2: Foul Ball, location: 2F 3-2: Base on Balls
|
Batting: LHB Mesfin Azagba
|
0-0: Fielders Choice at 2nd, 5-4 (Groundball, 5, EV 93.8 MPH)
|
Bottom of the 2nd over - 0 runs, 0 hits, 0 errors, 1 left on base; Boston (APP) 2 - Cleveland (APP) 3 |
TOP OF THE 3RD |
Boston (APP) Red Sox batting - Pitching for Cleveland (APP) Indians : LHP David Ayala
|
Batting: LHB Kien-lung Zou
|
0-0: Ball 1-0: Called Strike 1-1: Foul Ball, location: 2F 1-2: Fly out, F4 (Popup, 13, EV 83.1 MPH)
|
Batting: RHB Josh Smith
|
0-0: Ball 1-0: Foul Ball, location: 2F 1-1: Foul Ball, location: 2F 1-2: Fly out, F8 (Line Drive, 8RD, EV 89.4 MPH)
|
Batting: RHB Joe Booth
|
0-0: Called Strike 0-1: Ball 1-1: Foul Ball, location: 2F 1-2: Strikes out swinging
|
Top of the 3rd over - 0 runs, 0 hits, 0 errors, 0 left on base; Boston (APP) 2 - Cleveland (APP) 3 |
BOTTOM OF THE 3RD |
Cleveland (APP) Indians batting - Pitching for Boston (APP) Red Sox : RHP Johnny Lucero
|
Batting: LHB Shane Montalvo
|
0-0: Ball 1-0: Ball 2-0: Foul Ball, location: 2F 2-1: Ball 3-1: Fly out, F9 (Flyball, 9D, EV 100.0 MPH)
|
Batting: LHB Justin Rankin
|
0-0: Called Strike 0-1: Ground out 4-3 (Groundball, 4, EV 87.5 MPH)
|
Batting: SHB Jay Rook
|
0-0: Called Strike 0-1: Fly out, F8 (Flyball, 8RD, EV 95.6 MPH)
|
Bottom of the 3rd over - 0 runs, 0 hits, 0 errors, 0 left on base; Boston (APP) 2 - Cleveland (APP) 3 |
TOP OF THE 4TH |
Boston (APP) Red Sox batting - Pitching for Cleveland (APP) Indians : LHP David Ayala
|
Batting: RHB Bakhtiar Asadov
|
0-0: Called Strike 0-1: Called Strike 0-2: Ball 1-2: Strikes out swinging
|
Batting: RHB Felix Rangel
|
0-0: Foul Ball, location: 2F 0-1: Ball 1-1: Ground out 4-3 (Groundball, 4, EV 93.1 MPH)
|
Batting: RHB Eric Kent
|
0-0: Ball 1-0: SINGLE (Line Drive, 8RS, EV 88.8 MPH)
|
Batting: RHB Estevan Carrillo
|
0-0: Foul Ball, location: 2F 0-1: Ball 1-1: Ground out 4-3 (Groundball, 34, EV 90.0 MPH)
|
Top of the 4th over - 0 runs, 1 hit, 0 errors, 1 left on base; Boston (APP) 2 - Cleveland (APP) 3 |
BOTTOM OF THE 4TH |
Cleveland (APP) Indians batting - Pitching for Boston (APP) Red Sox : RHP Johnny Lucero
|
Batting: LHB Sergei Stefanov
|
0-0: Called Strike 0-1: Called Strike 0-2: DOUBLE (Flyball, 8LXD, EV 102.5 MPH) - OUT at third base trying to stretch hit.
|
Batting: RHB Makoto Narita
|
0-0: Foul Ball, location: 2F 0-1: Ball 1-1: Ball 2-1: Foul Ball, location: 2F 2-2: Strikes out swinging
|
Batting: RHB Patrick Pinault
|
0-0: Called Strike 0-1: Ball 1-1: Called Strike 1-2: Ball 2-2: Ground out 6-3 (Groundball, 6, EV 86.2 MPH)
|
Bottom of the 4th over - 0 runs, 1 hit, 0 errors, 0 left on base; Boston (APP) 2 - Cleveland (APP) 3 |
TOP OF THE 5TH |
Boston (APP) Red Sox batting - Pitching for Cleveland (APP) Indians : LHP David Ayala
|
Batting: LHB Kenny Jackson
|
0-0: Foul Ball, location: 2F 0-1: Called Strike 0-2: Strikes out swinging
|
Batting: RHB Kirk Cully
|
0-0: Ball 1-0: Ball 2-0: Ball 3-0: Called Strike 3-1: Base on Balls
|
Batting: LHB Kien-lung Zou
|
0-0: Ball 1-0: Ball 2-0: Foul Ball, location: 2F 2-1: Foul Ball, location: 2F 2-2: Fielders Choice at 2nd, 4-6 (Groundball, 4, EV 110.6 MPH)
|
Batting: RHB Josh Smith
|
0-0: Ball 1-0: Ball 2-0: Ball 3-0: Called Strike 3-1: Ground out 4-3 (Groundball, 34S, EV 80.0 MPH)
|
Top of the 5th over - 0 runs, 0 hits, 0 errors, 1 left on base; Boston (APP) 2 - Cleveland (APP) 3 |
BOTTOM OF THE 5TH |
Cleveland (APP) Indians batting - Pitching for Boston (APP) Red Sox : RHP Johnny Lucero
|
Batting: RHB Justin Teague
|
0-0: Called Strike 0-1: Ball 1-1: Ball 2-1: Foul Ball, location: 2F 2-2: Foul Ball, location: 2F 2-2: Ball 3-2: Base on Balls
|
Batting: RHB Andy Lewis
|
0-0: Ball Wild Pitch! Justin Teague to second 1-0: Ball 2-0: Called Strike 2-1: Ball 3-1: Base on Balls
|
Pitching: RHP Zinedine Lahlafi
|
|
Batting: LHB Mesfin Azagba
|
0-0: Fly out, F7 (Line Drive, 78M, EV 88.1 MPH)
|
Batting: LHB Shane Montalvo
|
0-0: Swinging Strike 0-1: Swinging Strike 0-2: Ball 1-2: Ball 2-2: Fielders Choice at 2nd, 4-6 (Groundball, 4, EV 83.1 MPH) Justin Teague to third
|
Batting: LHB Justin Rankin
|
0-0: Ball 1-0: Ball 2-0: Called Strike 2-1: 3-RUN HOME RUN (Flyball, 89XD, EV 112.5 MPH), Distance : 432 ft
|
Batting: SHB Jay Rook
|
0-0: Ball 1-0: Ball 2-0: Called Strike 2-1: Ball 3-1: Foul Ball, location: 2F 3-2: Foul Ball, location: 2F 3-2: Base on Balls
|
Batting: LHB Sergei Stefanov
|
0-0: Ball Jay Rook is caught stealing 2nd base 2-6
|
Bottom of the 5th over - 3 runs, 1 hit, 0 errors, 0 left on base; Boston (APP) 2 - Cleveland (APP) 6 |
TOP OF THE 6TH |
Boston (APP) Red Sox batting - Pitching for Cleveland (APP) Indians : LHP David Ayala
|
Batting: RHB Joe Booth
|
0-0: Ball 1-0: Swinging Strike 1-1: Swinging Strike 1-2: Foul Ball, location: 2F 1-2: Strikes out swinging
|
Batting: RHB Bakhtiar Asadov
|
0-0: Ball 1-0: Ball 2-0: SOLO HOME RUN (Flyball, 7D, EV 94.4 MPH), Distance : 363 ft
|
Batting: RHB Felix Rangel
|
0-0: Ground out 6-3 (Groundball, 6, EV 103.8 MPH)
|
Batting: RHB Eric Kent
|
0-0: Foul Ball, location: 2F 0-1: Ball 1-1: Ball 2-1: Swinging Strike 2-2: Ball 3-2: Strikes out swinging
|
Top of the 6th over - 1 run, 1 hit, 0 errors, 0 left on base; Boston (APP) 3 - Cleveland (APP) 6 |
BOTTOM OF THE 6TH |
Cleveland (APP) Indians batting - Pitching for Boston (APP) Red Sox : RHP Zinedine Lahlafi
|
Batting: LHB Sergei Stefanov
|
0-0: Called Strike 0-1: Ball 1-1: DOUBLE (Line Drive, 5D, EV 99.4 MPH)
|
Batting: RHB Makoto Narita
|
0-0: SINGLE (Line Drive, 56D, EV 97.5 MPH) Sergei Stefanov to third
|
Batting: RHB Patrick Pinault
|
0-0: SINGLE (Groundball, 34D, EV 108.1 MPH) Sergei Stefanov scores Makoto Narita to second Runner from 2nd tries for 3rd, SAFE, throw by RF made at trailing runner, OUT! 9-6
|
Batting: RHB Justin Teague
|
0-0: Foul Ball, location: 2F 0-1: Ball 1-1: Ball 2-1: Called Strike 2-2: Strikes out swinging
|
Batting: RHB Andy Lewis
|
0-0: Called Strike 0-1: Ball Wild Pitch! Makoto Narita scores 1-1: Called Strike 1-2: Strikes out swinging
|
Bottom of the 6th over - 2 runs, 3 hits, 0 errors, 0 left on base; Boston (APP) 3 - Cleveland (APP) 8 |
TOP OF THE 7TH |
Boston (APP) Red Sox batting - Pitching for Cleveland (APP) Indians : LHP David Ayala
|
Batting: RHB Estevan Carrillo
|
0-0: Fly out, F8 (Flyball, 78S, EV 96.2 MPH)
|
Batting: LHB Kenny Jackson
|
0-0: Called Strike 0-1: Foul Ball, location: 2F 0-2: Foul Ball, location: 2F 0-2: Ball 1-2: Strikes out swinging
|
Batting: RHB Kirk Cully
|
0-0: Called Strike 0-1: Ball 1-1: Ball 2-1: SINGLE (Groundball, 56D, EV 106.2 MPH)
|
Pitching: RHP Andrew Telles
|
|
Batting: LHB Kien-lung Zou
|
0-0: Foul Ball, location: 2F 0-1: Ball 1-1: Ball Kirk Cully is caught stealing 2nd base 2-6
|
Top of the 7th over - 0 runs, 1 hit, 0 errors, 0 left on base; Boston (APP) 3 - Cleveland (APP) 8 |
BOTTOM OF THE 7TH |
Cleveland (APP) Indians batting - Pitching for Boston (APP) Red Sox : RHP Zinedine Lahlafi
|
Pitching: RHP Randy Williams
|
|
Batting: LHB Mesfin Azagba
|
0-0: Called Strike 0-1: Ground out U3 (Groundball, 3L, EV 84.4 MPH)
|
Batting: LHB Shane Montalvo
|
0-0: Ball 1-0: Ball 2-0: Ball 3-0: Base on Balls
|
Batting: LHB Justin Rankin
|
0-0: Ball 1-0: Fly out, F7 (Line Drive, 7, EV 93.1 MPH)
|
Batting: SHB Jay Rook
|
0-0: Ball 1-0: Ball 2-0: Swinging Strike 2-1: Ball 3-1: Base on Balls Shane Montalvo to second
|
Batting: LHB Sergei Stefanov
|
0-0: Fly out, F8 (Flyball, 8RXD, EV 94.4 MPH)
|
Bottom of the 7th over - 0 runs, 0 hits, 0 errors, 2 left on base; Boston (APP) 3 - Cleveland (APP) 8 |
TOP OF THE 8TH |
Boston (APP) Red Sox batting - Pitching for Cleveland (APP) Indians : RHP Andrew Telles
|
Now at 3B: Luke Burnham
|
|
Batting: LHB Kien-lung Zou
|
0-0: Ball 1-0: Called Strike 1-1: Called Strike 1-2: Foul Ball, location: 2F 1-2: Ground out U3 (Groundball, 34S, EV 71.2 MPH)
|
Batting: RHB Josh Smith
|
0-0: Foul Ball, location: 2F 0-1: Swinging Strike 0-2: Foul Ball, location: 2F 0-2: Ball 1-2: Ball 2-2: Ground out 6-3 (Groundball, 6, EV 104.4 MPH)
|
Batting: RHB Joe Booth
|
0-0: Ball 1-0: Ball 2-0: Called Strike 2-1: DOUBLE (Line Drive, 89XD, EV 111.2 MPH)
|
Batting: RHB Bakhtiar Asadov
|
0-0: Fly out, F8 (Flyball, 8LM, EV 95.6 MPH)
|
Top of the 8th over - 0 runs, 1 hit, 0 errors, 1 left on base; Boston (APP) 3 - Cleveland (APP) 8 |
BOTTOM OF THE 8TH |
Cleveland (APP) Indians batting - Pitching for Boston (APP) Red Sox : RHP Randy Williams
|
Batting: RHB Makoto Narita
|
0-0: Called Strike 0-1: Ball 1-1: Ball 2-1: Foul Ball, location: 2F 2-2: Fly out, F8 (Flyball, 8RM, EV 94.4 MPH)
|
Batting: RHB Patrick Pinault
|
0-0: Ball 1-0: Ball 2-0: Ball 3-0: Base on Balls
|
Pitching: LHP Brad Victor
|
|
Batting: RHB Justin Teague
|
0-0: Ball 1-0: Called Strike 1-1: Swinging Strike 1-2: Foul Ball, location: 2F 1-2: Foul Ball, location: 2F 1-2: Ball 2-2: Ball 3-2: Foul Ball, location: 2F 3-2: Foul Ball, location: 2F 3-2: Fly out, F7 (Flyball, 78D, EV 96.9 MPH)
|
Batting: RHB Andy Lewis
|
0-0: Called Strike Patrick Pinault is caught stealing 2nd base 2-4
|
Bottom of the 8th over - 0 runs, 0 hits, 0 errors, 0 left on base; Boston (APP) 3 - Cleveland (APP) 8 |
TOP OF THE 9TH |
Boston (APP) Red Sox batting - Pitching for Cleveland (APP) Indians : RHP Andrew Telles
|
Now in LF: Andy Lewis
|
|
Now in CF: Mario Garza
|
|
Now in RF: Shane Montalvo
|
|
Pinch Hitting: LHB Mike Hutcheson
|
0-0: Called Strike 0-1: Foul Ball, location: 2F 0-2: Ball 1-2: Strikes out looking
|
Pinch Hitting: LHB Stanislav Parusov
|
0-0: Called Strike 0-1: Ball 1-1: Ball 2-1: Ground out 4-3 (Groundball, P, EV 80.0 MPH)
|
Pinch Hitting: LHB Javier Cajina
|
0-0: Ball 1-0: Foul Ball, location: 2F 1-1: Foul Ball, location: 2F 1-2: Ball 2-2: Foul Ball, location: 2F 2-2: Ball 3-2: Foul Ball, location: 2F 3-2: Strikes out swinging
|
Top of the 9th over - 0 runs, 0 hits, 0 errors, 0 left on base; Boston (APP) 3 - Cleveland (APP) 8 |
|